AoeStats
← luzAK-47

Black Forest

510329864Analyzed
4v4 RM · 1d ago on Sep 30, 2026· 54m 17s· 8 players
Game mode
Random Map
Map size
Large (8 player)
Population
200
Speed
Normal
Resources
Standard
Victory
Conquest
Starting age
Dark Age
Ending age
Imperial Age
RankedLock teamsTeams togetherTeam positionsShared explorationLock speedFull tech treeHidden civsTurbo modeCheats
Victory
Defeat
🇵🇪 Persians · Peru
1136
+14
🇨🇳 Huns · China
1124
+14
🇦🇷 Danes · Argentina
1112
+15
🇵🇱 Britons · Poland
1071
+16
🇨🇱 Poles · Chile
1154
-17
1063
-14
🇮🇳 Persians · India
1062
-14
🇳🇱 Danes · Netherlands
1060
-14
luzAK-47
0:51 Loom
13:27 Feudal Age
19:02 Castle Age
18:05 Horse Collar
27:00 Double-Bit Axe
27:17 Heavy Plow
28:16 Wheelbarrow
33:52 Imperial Age
32:55 Fletching
33:05 Padded Archer Armor
34:02 Bodkin Arrow
35:16 Warwolf
36:52 Chemistry
36:20 Gold Mining
36:21 Stone Mining
37:05 Siege Engineers
37:30 Pikeman
38:16 Halberdier
42:53 Elite Longbowman
44:23 Bracer
44:34 Forging
44:24 Scale Mail Armor
44:45 Squires
45:16 Caravan
48:46 Chemistry
48:07 Ballistics
53:05 Leather Archer Armor
53:11 Yeomen
Pepim14
1:06 Loom
10:45 Feudal Age
16:46 Castle Age
16:16 Gold Mining
16:15 Double-Bit Axe
16:51 Gold Mining
20:36 Wheelbarrow
26:13 Hand Cart
25:43 Town Watch
26:34 Ballistics
26:54 Bow Saw
28:39 Gold Shaft Mining
27:53 Horse Collar
32:03 Heavy Plow
35:37 Imperial Age
34:19 Squires
34:06 Gambesons
34:09 Arson
33:48 Pikeman
35:00 Scale Mail Armor
35:10 Forging
35:18 Town Patrol
35:41 Elite Varangian Guard
35:43 Halberdier
35:45 Capped Ram
38:14 Iron Casting
37:54 Chain Mail Armor
38:06 Conscription
44:04 Stone Mining
44:21 Caravan
45:43 Siege Ram
49:58 Blast Furnace
49:29 Plate Mail Armor
49:18 Masonry
48:45 Hamask
50:32 Fletching
50:54 Siege Engineers
50:41 Onager
53:06 Siege Onager
El Botascha 2.0
0:41 Loom
12:46 Feudal Age
13:20 Double-Bit Axe
13:48 Horse Collar
20:50 Castle Age
21:15 Wheelbarrow
23:00 Heavy Plow
24:23 Bow Saw
25:26 Hand Cart
27:07 Gold Mining
27:08 Stone Mining
28:05 Town Watch
29:58 Gold Shaft Mining
30:00 Stone Shaft Mining
30:56 Forging
30:46 Scale Mail Armor
30:47 Padded Archer Armor
30:37 Fletching
30:53 Scale Barding Armor
34:01 Imperial Age
32:29 Iron Casting
33:20 Murder Holes
33:36 Masonry
33:19 Heated Shot
33:51 Ballistics
34:01 Chain Mail Armor
33:41 Bodkin Arrow
34:02 Leather Archer Armor
35:21 Chemistry
34:12 Heated Shot
35:13 Coinage
35:27 Crop Rotation
35:59 Two-Man Saw
35:09 Elite War Elephant
36:10 Conscription
36:43 Leather Archer Armor
37:27 Heavy Scorpion
38:46 Ballistics
39:08 Caravan
40:18 Plate Mail Armor
40:49 Blast Furnace
42:24 Hoardings
43:08 Banking
42:48 Guilds
44:25 Architecture
45:04 Blast Furnace
44:26 Chain Barding Armor
44:46 Sappers
44:50 Pikeman
45:30 Squires
45:15 Arson
49:11 Bloodlines
49:01 Husbandry
48:22 Light Cavalry
50:08 Plate Barding Armor
50:05 Hussar
51:13 Guilds
52:33 Onager
53:11 Cavalier
MEMS
12:24 Feudal Age
15:55 Castle Age
14:32 Double-Bit Axe
14:32 Horse Collar
14:57 Stone Mining
16:43 Wheelbarrow
25:20 Gold Mining
29:57 Imperial Age
28:54 Gold Shaft Mining
28:21 Padded Archer Armor
28:59 Hand Cart
28:31 Loom
28:43 Fletching
29:45 Leather Archer Armor
29:36 Scale Barding Armor
29:43 Forging
29:29 Bodkin Arrow
30:18 Bow Saw
31:09 Parthian Tactics
31:18 Conscription
32:06 Chemistry
32:35 Two-Man Saw
31:22 Town Watch
32:10 Ballistics
31:46 Murder Holes
32:08 Town Patrol
32:37 Bloodlines
32:28 Husbandry
32:47 Bodkin Arrow
33:29 Iron Casting
33:22 Chain Barding Armor
33:27 Thumb Ring
33:31 Heavy Plow
34:29 Bracer
35:30 Blast Furnace
34:34 Scale Mail Armor
34:48 Guilds
34:02 Elite Skirmisher
34:08 Light Cavalry
35:08 Heavy Cavalry Archer
35:38 Hussar
37:27 Plate Barding Armor
41:31 Chain Mail Armor
43:47 Caravan
44:21 Coinage
46:37 Banking
HardstyleHunter
7:09 Loom
11:53 Feudal Age
12:28 Man-at-Arms
12:54 Arson
15:20 Double-Bit Axe
15:17 Horse Collar
18:51 Wheelbarrow
22:37 Castle Age
27:30 Bow Saw
28:08 Heavy Plow
31:01 Imperial Age
28:34 Gold Mining
28:35 Stone Mining
30:16 Hand Cart
30:48 Gold Shaft Mining
31:03 Capped Ram
33:13 Squires
34:05 Siege Ram
36:13 Siege Engineers
37:45 Conscription
37:48 Northmen's Fury
37:49 Elite Jomsviking
39:43 Hoardings
39:23 Forging
39:13 Scale Mail Armor
40:11 Heavy Scorpion
42:02 Stone Shaft Mining
43:23 Iron Casting
43:04 Chain Mail Armor
42:39 Fletching
43:33 Caravan
43:51 Gambesons
45:29 Blast Furnace
44:06 Hamask
46:51 Ballistics
48:53 Chemistry
Prof. Dr. Abuzer KÖMÜRCÜ
0:26 Loom
10:56 Feudal Age
11:43 Double-Bit Axe
14:06 Horse Collar
20:40 Castle Age
20:27 Stone Mining
20:30 Gold Mining
24:08 Bow Saw
29:04 Wheelbarrow
32:39 Imperial Age
30:36 Forging
30:33 Scale Mail Armor
30:47 Fletching
32:12 Gold Shaft Mining
32:37 Bodkin Arrow
33:26 Caravan
33:41 Padded Archer Armor
34:29 Bracer
36:16 Yeomen
36:17 Conscription
36:36 Iron Casting
36:17 Chain Mail Armor
37:39 Elite Longbowman
39:24 Chemistry
39:39 Leather Archer Armor
39:47 Ballistics
39:14 Arrowslits
39:41 Fortified Wall
38:59 Pikeman
39:42 Halberdier
42:03 Blast Furnace
41:33 Plate Mail Armor
41:34 Ring Archer Armor
44:18 Two-Man Saw
44:27 Elite Skirmisher
ivancarrascov
1:24 Loom
13:42 Feudal Age
19:05 Castle Age
17:24 Double-Bit Axe
17:24 Horse Collar
17:56 Gold Mining
20:24 Wheelbarrow
24:50 Town Watch
25:37 Bow Saw
26:29 Hand Cart
29:10 Forging
29:05 Scale Barding Armor
29:53 Szlachta Privileges
30:57 Bloodlines
30:48 Husbandry
31:56 Iron Casting
31:41 Chain Barding Armor
36:06 Imperial Age
35:12 Chain Barding Armor
36:07 Cavalier
38:37 Blast Furnace
37:09 Light Cavalry
39:32 Elite Obuch
40:46 Fletching
40:58 Scale Mail Armor
Null Pointer
9:01 Loom
11:48 Feudal Age
12:06 Horse Collar
12:12 Double-Bit Axe
16:48 Castle Age
17:52 Bow Saw
18:18 Heavy Plow
18:58 Wheelbarrow
24:08 Gold Mining
24:12 Stone Mining
26:51 Town Watch
27:56 Hand Cart
28:31 Gold Shaft Mining
28:33 Stone Shaft Mining
29:44 Forging
29:39 Scale Barding Armor
29:36 Town Patrol
33:18 Imperial Age
31:28 Iron Casting
31:22 Caravan
30:48 Pikeman
32:01 Chain Barding Armor
31:49 Fletching
33:59 Conscription
33:49 Elite War Elephant
36:06 Plate Barding Armor
36:32 Blast Furnace
37:03 Coinage
36:48 Bodkin Arrow
37:22 Husbandry
37:32 Bloodlines
42:51 Light Cavalry
42:51 Cavalier
45:43 Scale Mail Armor
47:37 Banking
49:34 Guilds
Connection lost

Rejoining the realm…

Still unreachable

The connection could not be restored.

Session expired

The server has moved on; the page needs a fresh start.